← All builds
Tech / Armada / Economy first / OBSERVED BUILD

Standard tech

Armada Tech (Eco) build order · Supreme Isthmus

Rushes T2 factory and Advanced Metal Extractor while supplying T2 and T1 constructors to teammates like Geo, then transitions into Citadel/Platypus/Umbrella defence as the game develops.

Usually first T2 con to Geo (85%)

#eco #t2 #team support · 775 distinct matches · 109 players · 59% of Armada Tech games · team won 53% of 896 · Recently observed

HOW TO PLAY IT

Key timing: T2 lab by 4:15

  1. Take 3 mex, then wind and a Bot Lab to open eco fast.
  2. Push T2 lab out, aim to pass T2 to air player.
  3. Get first T2 constructor building, prioritize mex upgrades over eco.
  4. Finish Advanced Metal Extractor, keep upgrading team's mex.
  5. Add fus and anti-nuke, keep feeding T2 cons and Umbrella/Citadel to team.

Phase by phase

TYPICAL OF ITS 775 GAMES
  1. 1
  2. 2
  3. 3
  4. 4
PLAY THE OPENING

Follow the example game's first 6:00 step by step: what to build now, what comes next, and where it goes. At 1× it keeps pace with your own game.

  1. 1

    Up to the Bot Lab

    Economy
    • Metal Extractor3Mex
    • Wind Turbine4Wind
    Order
    1. Bot LabBot Lab after 3 mex, 4 winddone ~1:17, middle half 1:13–1:32

    Some games also: energy storage (30%)

    By 1:01 in all: 3 mex · 4 wind

    The example game in this phase · 4 steps
    1. Mex ×3
    2. Wind ×4
    3. Energy storage
    4. Bot LabBot Labdone 1:31 · typical 1:17
  2. 2

    Bot Lab to Advanced Bot Lab

    Economy
    • Metal Extractor1Mex
    • Wind Turbine8Wind
    • Energy Storage1Energy storage
    Order
    1. Advanced Bot LabAdvanced Bot Lab after 4 mex, 12 wind, 3 con turretdone ~4:15, middle half 4:04–4:27
    Builders
    • Construction Turret3 Con turret
    • Lazarus3 Lazarus
    • Construction Bot2 Con bot
    • Construction Bot1 Con bot for allies

    Some games also: converter (36%)

    By 3:19 in all: 4 mex · 12 wind · 1 energy storage · 3 con turret

    The example game in this phase · 15 steps
    1. Wind
    2. Construction BotCon bot
    3. LazarusLazarus
    4. Wind ×4
    5. Construction BotCon bot
    6. LazarusLazarus
    7. Construction BotCon botfor Air
    8. Construction BotCon bot
    9. Mex
    10. LazarusLazarus
    11. Con turret
    12. Wind
    13. Con turret ×2
    14. Wind
    15. Advanced Bot LabAdvanced Bot Labdone 3:59 · typical 4:15
  3. 3

    Advanced Bot Lab to 5:00

    Economy
    • Wind Turbine2Wind
    Builders
    • Advanced Construction Bot1 T2 con bot for allies

    Some games also: converter (35%)

    By 5:00 in all: 4 mex · 15 wind · 2 converter · 1 energy storage · 3 con turret

    The example game in this phase · 8 steps
    1. Wind ×2
    2. GunslingerGunslingerfor Ponddone 4:13
    3. Advanced Construction BotT2 con botfor Geo
    4. Wind ×3
    5. Advanced Metal ExtractorT2 mexdone 4:56 · typical 5:29
    6. Wind ×3
    7. Advanced Construction BotT2 con botfor Air
    8. Wind
  4. 4

    5:00 to 10:00

    Economy
    • Wind Turbine44Wind
    • Energy Converter6Converter
    Builders
    • Butler8 Butler
    • Advanced Construction Bot4 T2 con bot for allies
    • Advanced Construction Bot1 T2 con bot

    Some games also: con turret (47%) · Butler for allies (38%)

    By 10:00 in all: 4 mex · 59 wind · 8 converter · 1 energy storage · 3 con turret

    The example game in this phase · 122 steps
    1. Wind ×3
    2. Advanced Metal ExtractorT2 mex
    3. Wind
    4. Advanced Metal ExtractorT2 mex ×2
    5. ButlerButler
    6. Advanced Construction BotT2 con bot
    7. ButlerButler ×2
    8. Wind
    9. ButlerButler
    10. Wind
    11. Advanced Construction BotT2 con botfor Geo sea
    12. Wind ×13
    13. ButlerButler
    14. Wind ×4
    15. ButlerButler
    16. Con turret
    17. Wind ×4
    18. ButlerButler
    19. Wind ×2
    20. Advanced Construction BotT2 con botfor Beach sea
    21. Wind ×6
    22. Advanced Construction BotT2 con botfor Pond
    23. Wind ×7
    24. Advanced Construction BotT2 con botfor Front
    25. Wind
    26. Converter
    27. Wind ×3
    28. Converter
    29. Wind
    30. Converter
    31. Wind ×2
    32. Converter
    33. Advanced Construction BotT2 con bot
    34. Wind ×2
    35. Converter ×2
    36. Wind ×3
    37. Converter
    38. Wind ×2
    39. ButlerButler
    40. Converter
    41. Wind
    42. Converter
    43. Wind
    44. Converter
    45. Wind
    46. ButlerButler
    47. Wind
    48. Converter ×2
    49. Wind
    50. ButlerButler
    51. Wind ×2
    52. Converter ×2
    53. ButlerButler
    54. Wind ×2
    55. Converter ×2
    56. ButlerButler
    57. Wind ×3
    58. Converter
    59. Wind ×2
    60. Converter
    61. Wind ×2
    62. ButlerButler
    63. Wind ×2
    64. Converter ×2
    65. Wind ×2
    66. ButlerButler
    67. Wind
    68. Converter ×2
    69. Wind ×5
    70. Converter
    71. UmbrellaAnti-nukedone 11:21
    72. Wind ×6
    73. Converter
    74. Wind
    75. Converter
    76. Wind ×4
    77. Converter
    78. Wind ×5
    79. Converter
    80. Wind ×6
    81. Converter
    82. Wind ×7
    83. Converter
    84. Wind ×4
    85. Converter ×2
    86. Wind ×6
    87. Converter
    88. Wind ×5
    89. Converter ×2
    90. UmbrellaAnti-nuke
    91. Wind ×5
    92. Converter ×2
    93. Wind ×3
    94. Converter
    95. Wind
    96. Converter
    97. Wind ×2
    98. Converter
    99. Wind
    100. Advanced Fusion ReactorAdvanced Fusion Reactordone 14:23
    101. Converter
    102. Wind
    103. Converter
    104. Wind ×2
    105. Converter
    106. Wind
    107. Con turret
    108. Wind
    109. Converter
    110. Con turret
    111. Converter
    112. Con turret
    113. Converter ×4
    114. Con turret ×2
    115. Converter ×17
    116. Advanced Fusion ReactorAdvanced Fusion Reactor
    117. Wind
    118. Converter
    119. Wind ×3
    120. Converter ×2
    121. Wind ×2
    122. Converter ×7

Counts are medians over the build's games: half of them build more, half fewer. The example game is Fakepilot's (35 OS, 01/10/2026); pick another.

Team trades

IN AT LEAST 30% OF ITS GAMES

You hand over

  • Construction Bot1 Con bot to Airfirst at 2:22 · in 88% of games
  • Advanced Construction Bot5 T2 con bot to Air or Pond or Geo seafirst at 4:47 · in 99% of games
  • Sharpshooter2 Sniper bot to Pondfirst at 5:21 · in 33% of games
  • Butler2 Butler to Geo sea or Beach sea or Pondfirst at 9:03 · in 42% of games

You get

  • Hercules1 Light transport from Airfirst at 4:00 · in 85% of games

How it plays out

Typical game of this build, running totals by minute

Metal produced

020k40k
0:005:0010:0015:00

metal

Enemy metal destroyed

0200400
0:005:0010:0015:00

metal

Own metal lost

0100200300
0:005:0010:0015:00

metal

896 games.

Show as table
ByMetal produced: This buildEnemy metal destroyed: This buildOwn metal lost: This build
1:0038300
2:0091500
3:00164300
4:00315200
5:00486600
6:00580800
7:00723000
8:00907000
9:001124900
10:001358100
11:001641600
12:001997300
13:002377500
14:002754988108
15:0031616319214
WHAT THE NUMBERS SAY

This is the role's baseline and wins slightly more than half its games with a huge metal lead but almost no kills, showing its value is economic not combat.

  • + Produces 31389 metal by 15:00, far above other roles.
  • + Reaches T2 lab and constructor by 4:15-4:33 almost every game.
  • − Barely destroys any enemy metal (400 by 15:00), no combat presence.
  • − Fusion Reactor and anti-nuke only land in 44% of games.
THE EXAMPLE YOU ARE READING

Fakepilot

35.4 OS · 01/10/2026

Open source match ↗

1 received units
1610 metal received · 43004 energy received

Allied construction assistance is unknown. Timings are observations, not a promise of solo reproducibility.

Typical milestones

Bot Lab1:17Middle 50%: 1:13–1:32 · n=896
Advanced Bot Lab4:15Middle 50%: 4:04–4:27 · n=890
Advanced Metal Extractor5:29Middle 50%: 5:06–5:58 · n=894

Played most by

Amrissa100games of this buildSyphos40games of this buildKOT_38games of this buildAdeus34games of this buildTeaner34games of this build
Standard tech · Armada Tech (Eco) build order · BAR Build Atlas